[Event "Team 45 45 League T57"]
[Site "Internet Chess Club"]
[Date "2013.06.30"]
[Round "6"]
[White "byebyebadman"]
[Black "chess09"]
[Result "1-0"]
[WhiteElo "1880"]
[BlackElo "1956"]
[Opening "Sicilian: Richter-Rauzer, Rauzer attack, 7...Be7"]
[ECO "B63"]
[Time "16:34:09"]
[TimeControl "2700+45"]

1. e4 c5 2. Nf3 d6 3. d4 cxd4 4. Nxd4 Nf6 5. Nc3 Nc6 6. Bg5 e6 7. Qd2 Be7 8.
O-O-O h6 9. Bxf6 gxf6 10. Ndb5 a6 11. Nxd6+ Bxd6 12. Qxd6 Qxd6 13. Rxd6 Ke7 14.
Rd2 b5 15. Be2 Bb7 16. Rhd1 Rhd8 17. Rxd8 Rxd8 18. Rxd8 Nxd8 19. a3 Nc6 20. Kd2
Nd4 21. Kd3 e5 22. f3 Ke6 23. Nd1 f5 24. exf5+ Nxf5 25. Ne3 Nxe3 26. Kxe3 f5 27.
Bd3 h5 28. h4 Bc6 29. c4 Bd7 30. f4 e4 31. Be2 Be8 32. Kd4 Kd6 33. b4 bxc4 34.
Bxc4 Bb5 35. Bf7 Be2 36. a4 Ke7 37. Bd5 Kd6 38. Bf7 Ke7 39. Bb3 Kd6 40. Ke3 Bf1
41. g3 Ke7 42. Bd1 Kd6 43. Bxh5 Kd5 44. Be2 Bxe2 45. Kxe2 Kc4 46. h5 Kxb4 47. h6
Kxa4 48. h7 a5 49. h8=Q Kb3 50. Qa1 a4 51. Kd2 a3 52. Qc3+ Ka2 53. Qb4 Ka1 54.
Qxa3+ Kb1 55. Qb3+ Ka1 56. Kc2 {Black resigns} 1-0

[Event "Team 45 45 League T57"]
[Site "Internet Chess Club"]
[Date "2013.07.01"]
[Round "6"]
[White "bat30"]
[Black "HematiteBrown"]
[Result "1/2-1/2"]
[WhiteElo "1936"]
[BlackElo "2018"]
[Opening "Sicilian: Scheveningen, English variation"]
[ECO "B90"]
[Time "20:08:45"]
[TimeControl "2700+45"]

1. e4 c5 2. Nf3 d6 3. d4 cxd4 4. Nxd4 Nf6 5. Nc3 a6 6. Be3 e6 7. Qd2 b5 8. f3
Bb7 9. O-O-O Nbd7 10. g4 h6 11. g5 hxg5 12. Bxg5 Qc7 13. h4 b4 14. Na4 d5 15.
exd5 Bxd5 16. Be2 Bd6 17. Kb1 g6 18. c3 Qa5 19. b3 bxc3 20. Qxc3 Qxc3 21. Nxc3
Be7 22. Nxd5 Nxd5 23. Kb2 Bxg5 24. hxg5 Rxh1 25. Rxh1 Ke7 26. Bc4 Kd6 27. Rd1
N7b6 28. Ne2 Ke5 29. Rd4 Kf5 30. f4 Kg4 31. Bd3 Kf3 32. Kc2 a5 33. Kd2 Rh8 34.
Be4+ Kf2 35. a3 Rh3 36. Rd3 Rxd3+ 37. Kxd3 Kf1 38. Bf3 Ke1 39. Bh1 Kf2 40. Be4
Ke1 {Game drawn by mutual agreement} 1/2-1/2

[Event "Team 45 45 League T57"]
[Site "Internet Chess Club"]
[Date "2013.06.29"]
[Round "6"]
[White "EyeAm"]
[Black "HumanTornado"]
[Result "0-1"]
[WhiteElo "1794"]
[BlackElo "2052"]
[Opening "Sicilian: Alapin's variation (2.c3)"]
[ECO "B22"]
[Time "18:00:07"]
[TimeControl "2700+45"]

1. e4 c5 2. c3 Nf6 3. e5 Nd5 4. d4 cxd4 5. Nf3 Nc6 6. cxd4 d6 7. Bc4 Nb6 8. Bb5
e6 9. Bg5 Be7 10. Bxe7 Qxe7 11. O-O O-O 12. Nc3 d5 13. Rc1 Qb4 14. Bxc6 bxc6 15.
Qd2 Nc4 16. a3 Nxd2 17. axb4 Nxf1 18. Kxf1 Ba6+ 19. Ke1 Bb5 20. g4 Rfb8 21. Ra1
Bc4 22. Nd2 Rxb4 23. Nxc4 Rxc4 24. Ra4 Rxa4 25. Nxa4 Rb8 26. Kd2 Rb4 {White
resigns} 0-1

[Event "Team 45 45 League T57"]
[Site "Internet Chess Club"]
[Date "2013.07.01"]
[Round "6"]
[White "vvsi"]
[Black "sockmonkey"]
[Result "0-1"]
[WhiteElo "1713"]
[BlackElo "1845"]
[Opening "Trompowsky attack (Ruth, Opocenský opening)"]
[ECO "A45"]
[Time "09:30:35"]
[TimeControl "2700+45"]

1. d4 Nf6 2. Bg5 e6 3. e4 Be7 4. e5 Nd5 5. Bxe7 Qxe7 6. c4 Nf4 7. g3 Qb4+ 8. Qd2
Qxd2+ 9. Nxd2 Ng6 10. f4 d6 11. Ngf3 dxe5 12. dxe5 b6 13. O-O-O Bb7 14. Be2 c5
15. Rhe1 O-O 16. Ng5 Rd8 17. Nge4 Bxe4 18. Nxe4 Rxd1+ 19. Rxd1 Nc6 20. Rd7 Rd8
21. Rxd8+ Nxd8 22. Nd6 Ne7 23. Kc2 Nf5 24. Nxf5 exf5 25. Bd3 Ne6 26. Kc3 g6 27.
b4 Kg7 28. Kb3 f6 29. exf6+ Kxf6 30. Ka4 cxb4 31. Kxb4 Nc5 32. Be2 Ke6 33. Bf3
Kd6 34. Bd5 h6 35. Bf7 g5 36. Bg6 gxf4 37. gxf4 Ke6 38. Kc3 Kf6 39. Be8 Ne6 40.
Bd7 Nxf4 41. Kd4 Ne6+ 42. Kd5 Nc5 43. Kd4 Nxd7 {White resigns} 0-1

[Event "Team 45 45 League T57"]
[Site "Internet Chess Club"]
[Date "2013.06.28"]
[Round "6"]
[White "bookseller"]
[Black "Hal2001"]
[Result "1/2-1/2"]
[WhiteElo "1676"]
[BlackElo "1583"]
[Opening "Robatsch (modern) defense"]
[ECO "B06"]
[Time "13:01:35"]
[TimeControl "2700+45"]

1. e4 g6 2. d4 Bg7 3. Nf3 c5 4. d5 d6 5. Nc3 Nd7 6. Bb5 a6 7. Bxd7+ Bxd7 8. a4
b5 9. axb5 axb5 10. Be3 b4 11. Ne2 Bxb2 12. Rxa8 Qxa8 13. e5 Bg4 14. Qb1 Qa1 15.
Qxa1 Bxa1 16. O-O Bb2 17. exd6 exd6 18. Nd2 Kd7 19. Ng3 Ne7 20. h3 Bf5 21. Nxf5
Nxf5 22. g4 Ne7 23. Nc4 Bc3 24. Rd1 Rb8 25. Bf4 Nc8 26. Kf1 b3 27. cxb3 Rxb3 28.
Rd3 Rb1+ 29. Ke2 Bd4 30. Rf3 f6 31. Ra3 Ra1 32. Rb3 Ra2+ 33. Bd2 Ra7 34. f4 Ne7
35. Rb6 Nc8 36. Rb1 Ne7 37. Rb6 Nc8 38. Rb1 Ne7 {Game drawn by mutual agreement}
1/2-1/2

[Event "Team 45 45 League T57"]
[Site "Internet Chess Club"]
[Date "2013.07.01"]
[Round "6"]
[White "koni"]
[Black "minke"]
[Result "1-0"]
[WhiteElo "1936"]
[BlackElo "1932"]
[Opening "Owen defense"]
[ECO "B00"]
[Time "01:02:38"]
[TimeControl "2700+45"]

1. e4 b6 2. d4 Bb7 3. Bd3 Nf6 4. Qe2 Nc6 5. c3 e5 6. Nf3 d6 7. d5 Nb8 8. O-O Be7
9. c4 a5 10. Nc3 Na6 11. Be3 Ng4 12. Bd2 Nc5 13. Bc2 h6 14. h3 Nf6 15. a3 a4 16.
Be3 Nfd7 17. Qd1 Ba6 18. Bxc5 Nxc5 19. Bxa4+ Kf8 20. Bb5 g5 21. b4 Nd7 22. Bxa6
Rxa6 23. Qe2 Ra8 24. Nh2 h5 25. Ra2 Nf6 26. Rfa1 Qd7 27. a4 h4 28. a5 Nh5 29.
axb6 Rxa2 30. Rxa2 cxb6 31. Ra8+ Bd8 32. Qe3 Kg7 33. Nb5 Rh6 34. Ng4 Rg6 35. Ra7
Qc8 36. Qf3 Nf4 37. Ne3 Kg8 38. Kh2 Kf8 39. Nf5 Qb8 40. Rd7 g4 41. hxg4 Qc8 42.
Rxf7+ Kg8 43. Nbxd6 Qb8 44. Rd7 Bg5 45. Rb7 Qa8 46. Rxb6 Qa1 47. c5 Qf1 48. c6
Ne2 49. Ne7+ Kh8 50. Rb8+ Kh7 51. Qf7+ Rg7 52. Qf5+ Kh6 53. Rh8+ {Black resigns}
1-0

[Event "Team 45 45 League T57"]
[Site "Internet Chess Club"]
[Date "2013.06.28"]
[Round "6"]
[White "chess09"]
[Black "Nathan-L"]
[Result "1-0"]
[WhiteElo "1977"]
[BlackElo "1848"]
[Opening "QGD: 6.Nf3"]
[ECO "D55"]
[Time "12:00:19"]
[TimeControl "2700+45"]

1. d4 Nf6 2. c4 e6 3. Nf3 d5 4. Nc3 Be7 5. Bg5 O-O 6. e3 b6 7. Bd3 Bb7 8. O-O
Nbd7 9. b3 c5 10. cxd5 Nxd5 11. Bxe7 Qxe7 12. Nxd5 Bxd5 13. Rc1 cxd4 14. Nxd4
Nc5 15. Be2 Rfc8 16. Bf3 Bxf3 17. Qxf3 Nd3 18. Nc6 Qb7 19. Rc3 Ne5 20. Nxe5 Qxf3
21. Rxc8+ Rxc8 22. Nxf3 Rc2 23. Ra1 h6 24. Kf1 f6 25. Ke1 e5 26. Nd2 {Black
resigns} 1-0

[Event "Team 45 45 League T57"]
[Site "Internet Chess Club"]
[Date "2013.07.01"]
[Round "6"]
[White "subterfuge"]
[Black "clarinetref"]
[Result "1/2-1/2"]
[WhiteElo "1748"]
[BlackElo "1650"]
[Opening "QGA: Alekhine defense"]
[ECO "D21"]
[Time "22:03:57"]
[TimeControl "2700+45"]

1. d4 d5 2. c4 dxc4 3. Nf3 a6 4. a4 b6 5. Nc3 e6 6. e4 Bb7 7. Bxc4 Bb4 8. Qc2 h6
9. O-O Nf6 10. Bd3 c5 11. d5 exd5 12. Nxd5 Nbd7 13. Bf4 O-O 14. Nxb4 cxb4 15.
Rad1 Rc8 16. Qe2 a5 17. e5 Nd5 18. Bg3 Nc5 19. Bb5 Qe7 20. Rd4 Ne6 21. Rd2 Ndf4
22. Qe3 Nd5 23. Qb3 Nc5 24. Qd1 Rfd8 25. Re1 Ne6 26. Nh4 Ndc7 27. Bd7 Rb8 28. f4
g6 29. f5 gxf5 30. Nxf5 Qg5 31. Qc2 b3 32. Nxh6+ Qxh6 33. Qd1 Nc5 34. Rd6 N7e6
35. Bxe6 Nxe6 36. Qxb3 Rxd6 37. exd6 Qd2 38. Bf2 Qxd6 39. Rd1 Qc6 40. Qg3+ Kh7
41. Qh3+ Kg6 42. Qg4+ Kh7 43. Qh3+ Kg8 44. Qg3+ Kh7 45. Qh3+ Kg8 46. Qg3+ Kh7
{Game drawn by repetition} 1/2-1/2

[Event "Team 45 45 League T57"]
[Site "Internet Chess Club"]
[Date "2013.06.28"]
[Round "6"]
[White "drsigmund1"]
[Black "kabindra"]
[Result "1-0"]
[WhiteElo "1539"]
[BlackElo "1810"]
[Opening "King's Indian: London system"]
[ECO "A48"]
[Time "11:00:05"]
[TimeControl "2700+45"]

1. d4 Nf6 2. Nf3 g6 3. Bf4 Bg7 4. e3 O-O 5. Be2 d6 6. h3 Bf5 7. Nbd2 Nd5 8. Bh2
Nb4 9. e4 Bd7 10. c3 N4a6 11. Qb3 Qc8 12. O-O c5 13. Rac1 b6 14. e5 dxe5 15.
Nxe5 Be6 16. Qa4 Bd5 17. c4 Bc6 18. Nxc6 Nxc6 19. Bf3 Nxd4 20. Bxa8 Qxa8 21.
Qxa6 Ne2+ 22. Kh1 Nxc1 23. Rxc1 Qd8 24. Nf3 Bxb2 25. Rb1 Bg7 26. Qxa7 Qd3 27.
Rxb6 Qxc4 28. Rb7 Qf1+ 29. Bg1 Bf6 30. Qxc5 Qe2 31. a4 e5 32. Qb5 Qe4 33. Rb8
Rxb8 34. Qxb8+ Kg7 35. Bh2 Qe2 36. Bxe5 Qf1+ 37. Kh2 Bxe5+ 38. Qxe5+ {Black
resigns} 1-0

[Event "Team 45 45 League T57"]
[Site "Internet Chess Club"]
[Date "2013.06.29"]
[Round "6"]
[White "arnx813"]
[Black "SirIvanhoe"]
[Result "1-0"]
[WhiteElo "1396"]
[BlackElo "1561"]
[Opening "Caro-Kann: exchange variation"]
[ECO "B13"]
[Time "19:02:07"]
[TimeControl "2700+45"]

1. e4 c6 2. d4 d5 3. exd5 cxd5 4. c3 Nf6 5. Bd3 Bg4 6. Nf3 Nbd7 7. Bf4 e6 8.
Nbd2 Be7 9. h3 Bxf3 10. Nxf3 O-O 11. O-O a6 12. Qe2 Rc8 13. Ne5 Re8 14. Rfe1 Bf8
15. Rac1 b5 16. Ra1 Nb6 17. Rec1 Nc4 18. Bxc4 bxc4 19. b3 cxb3 20. axb3 a5 21.
Qb5 Rb8 22. Qa4 Qb6 23. Nc6 Ra8 24. Nxa5 Rec8 25. f3 h6 26. b4 Rxc3 27. Rxc3
Qxd4+ 28. Re3 Qxf4 29. Rb3 Qd4+ 30. Kh1 Qf4 31. b5 Qd2 32. Qa2 Qd4 33. b6 Rb8
34. b7 Qc5 35. Qa4 Qc7 36. Rab1 Nd7 37. Qb5 Nc5 38. Rc3 {Black forfeits on time}
1-0

[Event "Team 45 45 League T57"]
[Site "Internet Chess Club"]
[Date "2013.06.27"]
[Round "6"]
[White "Gilguli"]
[Black "g8wrb"]
[Result "0-1"]
[WhiteElo "1416"]
[BlackElo "1438"]
[Opening "French: exchange variation"]
[ECO "C01"]
[Time "15:29:33"]
[TimeControl "2700+45"]

1. e4 e6 2. d4 d5 3. exd5 exd5 4. c4 Nf6 5. Nc3 Bb4 6. Bg5 Be6 7. cxd5 Bxd5 8.
Bd3 Bxg2 9. Qa4+ Nc6 10. O-O-O O-O 11. Nge2 Bxh1 12. Rxh1 Bxc3 13. bxc3 Qd5 14.
Rg1 Nh5 15. c4 Qf3 16. Qc2 g6 17. a3 Qxf2 18. d5 Nd4 19. Nxd4 {White resigns}
0-1

[Event "Team 45 45 League T57"]
[Site "Internet Chess Club"]
[Date "2013.07.01"]
[Round "6"]
[White "guyd52"]
[Black "semperfi"]
[Result "1/2-1/2"]
[WhiteElo "1360"]
[BlackElo "1372"]
[Opening "Réti: King's Indian attack (Barcza system)"]
[ECO "A07"]
[Time "19:30:14"]
[TimeControl "2700+45"]

1. Nf3 d5 2. g3 Nf6 3. Bg2 c6 4. d3 Bg4 5. O-O Nbd7 6. Nbd2 e5 7. Re1 Bd6 8. e4
dxe4 9. Nxe4 Nxe4 10. Rxe4 Bf5 11. Re2 O-O 12. Be3 Bg4 13. Qd2 Nf6 14. Ree1 Re8
15. Bg5 h6 16. Bxf6 Qxf6 17. Qe3 Qe6 18. a3 b6 19. Nh4 Bc5 20. Qe4 Rac8 21. Bf3
f5 22. Bxg4 fxe4 23. Bxe6+ Rxe6 24. Rxe4 Rf8 25. Rf1 g5 26. Ng2 Ref6 27. Re2 a5
28. c3 Rf5 29. Ne3 Rf3 30. Ng4 Rxd3 31. Nxh6+ Kg7 32. Ng4 e4 33. b4 axb4 34.
axb4 Bd6 35. Rxe4 Rxc3 36. Rd1 Bxb4 37. Rxb4 {Game drawn by mutual agreement}
1/2-1/2

[Event "Team 45 45 League T57"]
[Site "Internet Chess Club"]
[Date "2013.06.27"]
[Round "6"]
[White "bmw2002"]
[Black "Hal2001"]
[Result "1/2-1/2"]
[WhiteElo "1580"]
[BlackElo "1578"]
[Opening "English: symmetrical variation"]
[ECO "A37"]
[Time "21:12:29"]
[TimeControl "2700+45"]

1. c4 g6 2. g3 Bg7 3. Bg2 c5 4. Nc3 Nc6 5. Nf3 b6 6. d4 Bb7 7. d5 Na5 8. Qd3 d6
9. O-O Nf6 10. e4 O-O 11. Re1 Nd7 12. Bd2 Ba6 13. b3 Rb8 14. Rab1 Qc7 15. Be3
Nf6 16. Qd2 Ng4 17. Bf4 Ne5 18. h4 Bc8 19. Ng5 Bd7 20. Bxe5 dxe5 21. Kh2 h6 22.
Nh3 Nb7 23. a4 Nd6 24. Nb5 Qb7 25. Nc3 a6 26. Ne2 Qc7 27. f4 Kh7 28. Rf1 b5 29.
axb5 axb5 30. Rbc1 bxc4 31. bxc4 Rb4 32. Qd3 Rfb8 33. f5 Rb3 34. fxg6+ fxg6 35.
Rc3 Rxc3 36. Qxc3 Qb6 37. Nc1 Qb2 38. Qxb2 Rxb2 39. Nd3 Rc2 40. Nxc5 Bxh3 41.
Kxh3 Rxc4 42. Ne6 Bf6 43. Nf8+ Kg7 44. Ne6+ Kg8 45. Re1 Kf7 {Game drawn by
mutual agreement} 1/2-1/2

[Event "Team 45 45 League T57"]
[Site "Internet Chess Club"]
[Date "2013.06.27"]
[Round "6"]
[White "MinnArkie"]
[Black "Mitochondria"]
[Result "1-0"]
[WhiteElo "1609"]
[BlackElo "1442"]
[Opening "Sicilian: Grand Prix attack"]
[ECO "B23"]
[Time "21:00:36"]
[TimeControl "2700+45"]

1. e4 c5 2. Nc3 Nc6 3. f4 d6 4. Nf3 e6 5. Be2 Nf6 6. d3 Be7 7. O-O O-O 8. Kh1 a6
9. Be3 b5 10. a3 Bb7 11. h3 Qc7 12. Qe1 Rfd8 13. Qf2 Rac8 14. b4 cxb4 15. Bb6
Qd7 16. Bxd8 Nxd8 17. Na2 bxa3 18. e5 Nd5 19. c4 Nxf4 20. Ne1 Nxh3 21. Qg3 Ng5
22. exd6 Bf6 23. Rc1 bxc4 24. Rxf6 gxf6 25. dxc4 Nc6 26. Nf3 h6 27. c5 Kh7 28.
Bd3+ Kg7 29. Rc4 Rh8 30. Rh4 Kf8 31. Nxg5 fxg5 32. Ra4 e5 33. Bxa6 Kg7 34. Bb5
Qf5 35. Rxa3 Qb1+ 36. Kh2 Qxb5 37. Rb3 Qa6 38. Nb4 Qa8 39. Nxc6 Bxc6 40. Qxe5+
Kh7 41. Rg3 Rg8 42. Qf5+ Kh8 43. Qxf7 Rf8 44. Qg6 Qa7 45. Qxh6+ Qh7 46. Qxh7+
Kxh7 47. Rxg5 Rg8 48. Rxg8 Kxg8 49. Kg3 Kg7 50. Kf4 Kf6 51. g4 Ke6 52. g5 Kd5
53. Kf5 Kxc5 54. Ke6 Bd5+ 55. Ke7 {Black resigns} 1-0

[Event "Team 45 45 League T57"]
[Site "Internet Chess Club"]
[Date "2013.07.01"]
[Round "6"]
[White "Zyme"]
[Black "jungleboy"]
[Result "1-0"]
[WhiteElo "1406"]
[BlackElo "1169"]
[Opening "King's Indian: 6.Be2"]
[ECO "E91"]
[Time "21:00:25"]
[TimeControl "2700+45"]

1. d4 Nf6 2. c4 g6 3. Nc3 Bg7 4. e4 d6 5. Be2 O-O 6. Nf3 Bg4 7. O-O Nc6 8. d5
Nb4 9. Qb3 a5 10. a3 Bxf3 11. Bxf3 Nd3 12. Bd2 c6 13. Qxb7 Rb8 14. Qxc6 Rxb2 15.
Ra2 Qb8 16. Rxb2 Qxb2 17. Nb1 Ne5 18. Qb5 Nxf3+ 19. gxf3 Qe5 20. Qxa5 Qh5 21.
Kg2 Nxe4 22. fxe4 Qg4+ 23. Kh1 Qf3+ 24. Kg1 Be5 25. Bc3 Bf4 26. Bd2 g5 27. Qc3
Qg4+ 28. Kh1 Be5 29. Qd3 f5 30. Bxg5 Qh5 31. f4 fxe4 32. Qg3 Bg7 33. Bxe7 Rf7
34. Bxd6 Kh8 35. Rg1 Rd7 36. Be5 Qf3+ 37. Qg2 Qxg2+ 38. Rxg2 Bxe5 39. fxe5 Rf7
40. Re2 Rf1+ 41. Kg2 Rxb1 42. Rxe4 Rb2+ 43. Kg3 Rb3+ 44. Kf4 Kg7 45. e6 Kf8 46.
d6 Rd3 47. c5 Rd5 48. Re5 Rd4+ 49. Kf5 Ke8 50. Re4 Rd5+ 51. Re5 Rd2 52. Rd5 Rf2+
53. Kg4 Rf6 54. e7 Rg6+ 55. Kf5 Kd7 56. c6+ Ke8 57. d7+ Kxe7 58. d8=Q+ Kf7 59.
Qc7+ {Black resigns} 1-0

[Event "Team 45 45 League T57"]
[Site "Internet Chess Club"]
[Date "2013.06.30"]
[Round "6"]
[White "rhayder"]
[Black "AlPearson"]
[Result "0-1"]
[WhiteElo "1316"]
[BlackElo "1378"]
[Opening "Caro-Kann: advance variation"]
[ECO "B12"]
[Time "07:06:58"]
[TimeControl "2700+45"]

1. e4 c6 2. d4 d5 3. e5 Bf5 4. c3 e6 5. Bd3 Bxd3 6. Qxd3 Ne7 7. Nf3 Nd7 8. O-O
Nf5 9. Bf4 Be7 10. Nbd2 O-O 11. b4 b6 12. a3 c5 13. Qc2 cxd4 14. cxd4 Rc8 15.
Qb2 Rc7 16. Rac1 Nb8 17. Rxc7 Qxc7 18. Rc1 Qd7 19. Qc2 a5 20. Qc7 axb4 21. Qxd7
Nxd7 22. Rc7 Rd8 23. a4 f6 24. exf6 Bxf6 25. Bg5 Bxg5 26. Nxg5 Nxd4 27. Nxe6
Nxe6 28. Rc6 Kf7 29. Kf1 Ke7 30. Nb3 Ra8 31. a5 bxa5 32. Nxa5 Rxa5 33. Rc8 Rb5
34. g3 b3 35. f4 b2 36. f5 b1=Q+ 37. Kg2 Rb2+ 38. Kh3 Qxf5+ 39. g4 Rb3+ 40. Kh4
Qf2+ 41. Kh5 Qxh2# {White checkmated} 0-1

[Event "Team 45 45 League T57"]
[Site "Internet Chess Club"]
[Date "2013.06.28"]
[Round "6"]
[White "BrerRabbit"]
[Black "JeffH"]
[Result "1-0"]
[WhiteElo "1481"]
[BlackElo "1490"]
[Opening "King's Indian: London system"]
[ECO "A48"]
[Time "19:01:59"]
[TimeControl "2700+45"]

1. d4 Nf6 2. Nf3 g6 3. Bf4 d6 4. h3 Bg7 5. e3 O-O 6. Bh2 c5 7. c3 Nbd7 8. Be2 a6
9. a4 Re8 10. Nbd2 cxd4 11. exd4 e5 12. dxe5 dxe5 13. O-O e4 14. Nd4 Nb6 15. Nc4
Nxc4 16. Bxc4 Qb6 17. Qb3 Qxb3 18. Bxb3 Kh8 19. Bxf7 Re7 20. Bb3 Nd7 21. Bd6 Re8
22. Bf7 e3 23. Bxe8 exf2+ 24. Rxf2 Nb6 25. Bf7 {Black resigns} 1-0

[Event "Team 45 45 League T57"]
[Site "Internet Chess Club"]
[Date "2013.06.27"]
[Round "6"]
[White "mongmong"]
[Black "otib2006"]
[Result "0-1"]
[WhiteElo "1574"]
[BlackElo "1316"]
[Opening "Queen's pawn: Yusupov-Rubinstein system"]
[ECO "A46"]
[Time "20:18:12"]
[TimeControl "2700+45"]

1. d4 Nf6 2. Nf3 e6 3. e3 Bb4+ 4. c3 Ba5 5. Bd3 O-O 6. Nbd2 d5 7. O-O Nc6 8. Qe2
Bd7 9. Re1 Re8 10. e4 dxe4 11. Nxe4 Bb6 12. Bg5 h6 13. Nxf6+ gxf6 14. Bxh6 e5
15. Qe4 f5 16. Qd5 e4 17. Bc4 Be6 18. Qxd8 Raxd8 19. Bxe6 Rxe6 20. Bg5 f6 21.
Bh4 Kg7 22. Nd2 Rh8 23. Bg3 Ne7 24. Bxc7 Bxc7 25. Nc4 Bxh2+ 26. Kf1 Bc7 27. Ke2
Nd5 28. Ne3 Nf4+ 29. Kd2 Nd3 30. Re2 Nf4 31. Ree1 Rh2 32. Rg1 Rb6 33. Nxf5+ Kg6
34. Ne7+ Kf7 35. Nf5 Rxb2+ 36. Kc1 Rxf2 37. Rb1 Ne2+ 38. Kd1 Nxg1 39. Rxb7 Rf1+
40. Kd2 Rxg2+ 41. Ke3 Re1# {White checkmated} 0-1

[Event "Team 45 45 League T57"]
[Site "Internet Chess Club"]
[Date "2013.06.30"]
[Round "6"]
[White "room-matt"]
[Black "LazyPeon"]
[Result "1-0"]
[WhiteElo "1807"]
[BlackElo "1670"]
[Opening "French: Steinitz variation"]
[ECO "C11"]
[Time "15:01:58"]
[TimeControl "2700+45"]

1. e4 e6 2. d4 d5 3. Nc3 Nf6 4. e5 Nfd7 5. Nce2 c5 6. c3 Nc6 7. Nf3 f6 8. Nf4
Qe7 9. Bb5 cxd4 10. exf6 Nxf6 11. Nxd4 Bd7 12. O-O O-O-O 13. Re1 e5 14. Nxc6
Bxc6 15. Bxc6 bxc6 16. Qa4 Qc7 17. Ne6 Qb6 18. Nxd8 Kxd8 19. Be3 Bc5 20. Bxc5
Qxc5 21. Rad1 e4 22. Qd4 Qd6 23. c4 c5 24. Qe3 d4 25. Qg5 Qe7 26. b4 d3 27. Qxc5
Qxc5 28. bxc5 Kc7 29. f3 Re8 30. fxe4 Rxe4 31. Rxe4 Nxe4 32. Rxd3 Nxc5 33. Rg3
g6 34. Re3 Kd6 35. Kf2 Nd7 36. Rd3+ Kc6 37. Ke3 Ne5 38. Rd4 Nd7 39. Kd3 Nc5+ 40.
Kc3 Ne6 41. Re4 Kd6 42. Kb4 a6 43. h4 h5 44. g4 Nc5 45. Re8 Nd3+ 46. Kc3 Nf4 47.
gxh5 gxh5 48. Ra8 Ng2 49. Rxa6+ {Black resigns} 1-0

[Event "Team 45 45 League T57"]
[Site "Internet Chess Club"]
[Date "2013.06.27"]
[Round "6"]
[White "Buford-Julep"]
[Black "chrisgianno"]
[Result "0-1"]
[WhiteElo "1724"]
[BlackElo "1661"]
[Opening "King's Indian: 6.Be2"]
[ECO "E91"]
[Time "10:10:50"]
[TimeControl "2700+45"]

1. d4 Nf6 2. c4 g6 3. Nc3 Bg7 4. e4 d6 5. Nf3 O-O 6. Be2 Nc6 7. d5 Nb8 8. O-O
Nbd7 9. b4 a5 10. Rb1 axb4 11. Rxb4 Nc5 12. Qc2 b6 13. Nd4 Bd7 14. Be3 e5 15.
dxe6 fxe6 16. Ndb5 Bxb5 17. cxb5 Nfd7 18. Bc4 Qf6 19. Ne2 Kh8 20. Rbb1 Qh4 21.
Rbe1 Ra4 22. Bxe6 Rxe4 23. Bd5 Re5 24. g3 Qe7 25. Bg2 Re8 26. Nd4 Nb8 27. Re2
Ne6 28. Nxe6 Qxe6 29. Qxc7 Qg4 30. Rfe1 R5e7 31. Qxd6 Re6 32. Qd5 Re5 33. Qd3
Nd7 34. h3 Qe6 35. Bc6 Re7 36. Bd4 Rxe2 37. Rxe2 Qxe2 38. Bxg7+ Kxg7 39. Qxe2
Rxe2 40. Bxd7 Rxa2 41. Kg2 Kf6 42. Kf3 Ke5 43. Bc6 Rb2 44. Be8 Kd4 45. Bd7 Kc3
46. Ke3 Rd2 47. Bc6 Rd3+ 48. Ke2 Kd4 49. Be8 Ra3 50. Bd7 g5 51. Bc6 h6 52. Be8
Ke5 53. Bc6 h5 54. Bd7 h4 55. gxh4 gxh4 56. Kf1 Kf4 57. Kg2 Rb3 58. Bc6 Rb2 59.
Kf1 Rb1+ 60. Kg2 Rc1 61. Kh2 Ke5 62. Kg2 Kd6 63. Be8 Rc7 64. f4 Rc3 65. Bf7 Ke7
66. Bd5 Kf6 67. Be4 Rb3 68. Bc6 Kf5 69. Kf2 Kxf4 70. Bd7 Rb2+ 71. Ke1 Ke3 72.
Kd1 Rd2+ {White resigns} 0-1

[Event "Team 45 45 League T57"]
[Site "Internet Chess Club"]
[Date "2013.06.30"]
[Round "6"]
[White "werty"]
[Black "pauliewoll"]
[Result "1/2-1/2"]
[WhiteElo "1565"]
[BlackElo "1600"]
[Opening "Queen's pawn, Mason variation"]
[ECO "D00"]
[Time "05:00:43"]
[TimeControl "2700+45"]

1. d4 d5 2. Bf4 Nf6 3. e3 e6 4. Nf3 c5 5. c3 Nc6 6. h3 Bd6 7. Bxd6 Qxd6 8. Nbd2
O-O 9. Bd3 e5 10. dxe5 Nxe5 11. Nxe5 Qxe5 12. Nf3 Qe7 13. O-O Ne4 14. Qc2 f5 15.
c4 Be6 16. cxd5 Bxd5 17. Rad1 Rac8 18. Bc4 Bf7 19. b3 Rc6 20. Rd3 Rd6 21. Rfd1
Rxd3 22. Rxd3 Bxc4 23. Qxc4+ Kh8 24. Qd5 c4 25. Qxc4 Qa3 26. Qc7 Qb2 27. Rd8 Qf6
28. Rxf8+ Qxf8 29. Qxb7 Qd8 30. Qxa7 Qd1+ 31. Kh2 Qd6+ 32. g3 Qd8 33. Qd4 Qc8
34. Qb2 Qb7 35. b4 Nf6 36. Nd4 Qd5 37. b5 h5 38. Qe2 h4 39. Qf3 hxg3+ 40. fxg3
Qxa2+ 41. Qg2 Qa5 42. Nxf5 Qxb5 43. Qa8+ Kh7 44. Qf3 Qb2+ 45. Qg2 Qe5 46. Qf2
Ne4 47. Qf1 g6 48. Qf3 Qb2+ 49. Qg2 Qxg2+ 50. Kxg2 gxf5 51. Kf3 Kg6 52. g4 Ng5+
53. Kg3 Ne4+ 54. Kf4 Nd6 55. gxf5+ Nxf5 56. e4 Ng7 57. e5 Kh5 58. Ke4 Kh4 59.
Kd5 Kxh3 60. Kd6 Kg4 61. Ke7 {Game drawn by mutual agreement} 1/2-1/2

[Event "Team 45 45 League T57"]
[Site "Internet Chess Club"]
[Date "2013.07.02"]
[Round "6"]
[White "SirIvanhoe"]
[Black "Signalman"]
[Result "0-1"]
[WhiteElo "1548"]
[BlackElo "1629"]
[Opening "French: King's Indian attack"]
[ECO "C00"]
[Time "13:03:27"]
[TimeControl "2700+45"]

1. e4 e6 2. d3 d5 3. Nd2 c5 4. Ngf3 Nc6 5. g3 Nf6 6. Bg2 Be7 7. O-O O-O 8. e5
Ne8 9. c3 b5 10. Re1 a5 11. d4 Qb6 12. Nb3 c4 13. Nbd2 b4 14. Nf1 bxc3 15. bxc3
a4 16. Bf4 Nc7 17. Rb1 Nb5 18. Qc2 Bd7 19. Bg5 Bxg5 20. Nxg5 g6 21. Rb2 Qa5 22.
Rc1 Rab8 23. Ne3 Qxc3 24. Qb1 Na3 25. Rxb8 Nxb1 26. Rbxb1 Qxd4 27. Nf3 Qc5 28.
Nd1 Nb4 29. a3 Nd3 30. Rc3 d4 31. Rc2 Qxa3 32. Rxc4 Qa2 33. Rcc1 Nxc1 34. Rxc1
Rc8 35. Rxc8+ Bxc8 36. Kf1 Ba6+ {White resigns} 0-1

[Event "Team 45 45 League T57"]
[Site "Internet Chess Club"]
[Date "2013.06.30"]
[Round "6"]
[White "vvsi"]
[Black "cBishop"]
[Result "0-1"]
[WhiteElo "1724"]
[BlackElo "1678"]
[Opening "Anderssen's opening"]
[ECO "A00"]
[Time "12:04:24"]
[TimeControl "2700+45"]

1. a3 d5 2. Nf3 c5 3. Nc3 Nc6 4. e4 d4 5. Ne2 e5 6. Ng3 Nf6 7. Bb5 Bd6 8. Bxc6+
bxc6 9. d3 O-O 10. Nd2 Bg4 11. f3 Be6 12. b3 Nd7 13. Nc4 Bc7 14. O-O f5 15. exf5
Bxf5 16. Ne4 Qe8 17. Bg5 Qe6 18. Qe2 Rf7 19. Bh4 h6 20. Bg3 Raf8 21. Rae1 Qd5
22. Ned2 Re7 23. Ne4 Rfe8 24. Rf2 Re6 25. h4 Bd8 26. h5 Bc7 27. Ref1 Nf6 28.
Ncd2 Nxh5 29. Bh2 Nf4 30. Qd1 Rg6 31. Ng3 Bc8 32. Nde4 Rf8 33. Kh1 h5 34. Ne2 h4
35. Rg1 Rf5 36. Rff1 Qf7 37. g4 hxg3 38. N2xg3 Nh3 39. Rg2 Rf4 40. Nxc5 e4 41.
Ncxe4 Rh6 42. Qd2 Rfh4 43. f4 Bxf4 44. Qe1 Qd5 45. Nh5 Qxh5 46. Ng3 Bxg3 47.
Qxg3 Rg4 48. Qf3 Rf6 49. Qe2 Rxf1+ 50. Qxf1 Rxg2 51. Kxg2 Qg4+ 52. Bg3 Ng5 53.
Qe1 Be6 54. Qe5 Bd5+ 55. Kg1 {White resigns} 0-1